 Seeded DCSS version 0.25.1-1-g288607f (webtiles) character file.

Game seed: 7836045750160665886 (custom seed)

1152 Auros the Cleaver (level 8, -4/66 HPs)
             Began as a Hill Orc Monk on July 18, 2020.
             Slain by an orc warrior
             ... wielding a +0 mace
              (17 damage)
             ... on level 5 of the Dungeon on July 19, 2020.
             The game lasted 00:22:45 (8345 turns).

Auros the Cleaver (Hill Orc Monk)                   Turns: 8345, Time: 00:22:46

Health: -4/66      AC: 12    Str: 16    XL:     8   Next: 38%
Magic:  8/8        EV:  7    Int: 16    God:
Gold:   249        SH:  0    Dex: 13    Spells: 7/7 levels left

rFire    . . .     SeeInvis .   a - +0 hand axe
rCold    . . .     Gourm    .   (no shield)
rNeg     . . .     Faith    +   r - +0 chain mail
rPois    .         Spirit   .   (no helmet)
rElec    .         Reflect  .   o - +2 cloak
rCorr    .         Harm     .   (no gloves)
MR       .....     Rnd*Tele +   (no boots)
Stlth    ..........             E - amulet of faith
HPRegen  0.21/turn              t - ring of teleportation (curse)
MPRegen  0.11/turn              G - +6 ring of intelligence

@: no status effects
A: no striking features
a: no special abilities


You were on level 5 of the Dungeon.
You were not hungry.

You visited 2 branches of the dungeon, and saw 7 of its levels.

You collected 249 gold pieces.

Inventory:

Hand Weapons
 a - a +0 hand axe (weapon)
 m - a +0 hunting sling
Missiles
 g - 74 bolts
 h - 76 arrows
 l - 143 sling bullets
 q - 22 poisoned darts
 v - 8 javelins
 Z - 87 stones (quivered)
Armour
 b - a +0 robe
 d - a +0 scale mail
 o - a +2 cloak (worn)
 r - a +0 chain mail (worn)
Jewellery
 t - a cursed ring of teleportation (left hand)
 E - an amulet of faith (around neck)
 F - an uncursed ring of flight
 G - a +6 ring of intelligence (right hand)
Wands
 n - a wand of flame (13)
Scrolls
 i - 11 scrolls of identify
 j - 2 scrolls of amnesia
 p - 5 scrolls of teleportation
 s - 4 scrolls of remove curse {unknown}
 x - a scroll of random uselessness {unknown}
 y - a scroll of fear {unknown}
 C - a scroll of enchant weapon {unknown}
 D - 2 scrolls of immolation {unknown}
Potions
 c - a potion of heal wounds {unknown}
 e - a potion of berserk rage {unknown}
 f - a potion of ambrosia {unknown}
 k - 2 potions of stabbing {unknown}
 u - 2 potions of curing {unknown}
 w - a potion of flight {unknown}
 A - a potion of mutation {unknown}
 B - 2 potions of brilliance {unknown}
Comestibles
 z - 9 rations


   Skills:
 - Level 3.6 Fighting
 + Level 11.9 Axes
 - Level 4.0 Armour
 - Level 2.4 Dodging
 - Level 1.6 Stealth


You had 7 spell levels left.
You didn't know any spells.
Your spell library contained the following spells:

 Spells                   Type           Power        Failure   Level  Hunger
 Magic Dart               Conj           #...         99%         1    ##.....
 Blink                    Tloc           N/A          99%         2    ###....
 Call Imp                 Summ           #.......     99%         2    ###....
 Slow                     Hex            #.......     99%         2    ###....
 Conjure Flame            Conj/Fire      #.......     100%        3    ####...
 Mephitic Cloud           Conj/Pois/Air  #.......     100%        3    ####...


Dungeon Overview and Level Annotations

Branches:
Dungeon (6/15)             Temple (1/1) D:6

Altars:
Dithmenos
Elyvilon
Hepliaklqana
Kikubaaqudgha
Okawaru
Qazlal
Ru
Sif Muna
Trog
Vehumet
Xom

Shops:
D:4 :

Annotations:
D:3 1 runed translucent door, Crazy Yiuf


Message History

You eat one of the 10 rations.
That ration really hit the spot!
The orc warrior hits you with a +0 mace.
* * * LOW HITPOINT WARNING * * *
You hit the orc warrior but do no damage.
The orc warrior is lightly wounded.
The orc warrior hits you with a +0 mace!
* * * LOW HITPOINT WARNING * * *
You closely miss the orc warrior.
The orc warrior is lightly wounded.
There is an open door here.
There is a stone staircase leading up here.
The orc warrior hits you but does no damage.
You climb upwards.
There is a stone staircase leading down here.
The orc warrior hits you with a +0 mace!
* * * LOW HITPOINT WARNING * * *
You see here a cursed -2 spear.
There is a stone staircase leading up here.
The orc warrior hits you with a +0 mace!
You die...

# #.# #.# #.# #.#
.######.#################.##
.......................##..#
........#..........###.###.#
................##.# #.###..
..............>.##.# #.##...
#########.#..#..##.# #.##...
#######.....@.....##.# #.##...
........###.#o.##.##.# #.##...
########......<..)...###....##
#.......#............#
#...........#####....##
#...........'..........
####'##.....#.#########
#.##.....#.# #.###....#.#


You could see an orc warrior.

Vanquished Creatures
  A water moccasin (D:5)
  The ghost of cpf86 the Fighter, an amateur GnWn of Ru (D:3)
  An ogre (D:6)
  A centaur (D:6)
  A big kobold (D:3)
  A bullfrog (D:3)
  A howler monkey (D:4)
  A crimson imp (D:5)
  3 hounds
  A bullfrog skeleton (D:5)
  An iguana (D:4)
  An orc wizard (D:3)
  3 worker ants
  A howler monkey zombie (D:6)
  7 gnolls
  12 adders
  A howler monkey skeleton (D:4)
  A shadow imp (D:5)
  An ooze (D:1)
  2 adder skeletons (D:4)
  5 worms
  5 dart slugs
  2 leopard geckos
  7 orcs
  8 bats
  4 giant cockroaches
  8 goblins
  6 hobgoblins
  5 jackals
  4 quokkas
  4 frilled lizards (D:1)
  9 kobolds
  12 rats
121 creatures vanquished.

Notes
Turn   | Place    | Note
-------+----------+-------------------------------------------
     0 | D:1      | Auros the Hill Orc Monk began the quest for the Orb.
     0 | D:1      | Reached XP level 1. HP: 19/19 MP: 1/1
   149 | D:1      | Reached XP level 2. HP: 16/27 MP: 2/2
   515 | D:1      | Reached skill level 5 in Axes
   968 | D:1      | Reached XP level 3. HP: 33/33 MP: 3/3
  1653 | D:2      | Reached skill level 6 in Axes
  1696 | D:2      | Reached XP level 4. HP: 21/40 MP: 4/4
  2037 | D:2      | Noticed a moth of wrath
  2039 | D:2      | Found a bloodstained altar of Trog.
  2630 | D:2      | Reached skill level 7 in Axes
  2643 | D:2      | Reached XP level 5. HP: 27/46 MP: 5/5
  2990 | D:2      | Found an iron altar of Okawaru.
  3492 | D:3      | Reached skill level 8 in Axes
  3493 | D:3      | Found a runed translucent door.
  3513 | D:3      | Noticed cpf86's ghost (amateur GnWn)
  3691 | D:3      | Found a runed translucent door.
  3692 | D:3      | Noticed Crazy Yiuf
  4360 | D:3      | Reached skill level 1 in Armour
  4706 | D:3      | Reached XP level 6. HP: 36/52 MP: 6/6
  5140 | D:4      | Found a radiant altar of Vehumet.
  5519 | D:4      | Reached XP level 7. HP: 39/58 MP: 7/7
  5649 | D:4      | Found Loec's Book Shoppe.
  6037 | D:3      | Reached skill level 9 in Axes
  6095 | D:3      | Killed cpf86's ghost
  6310 | D:3      | Reached skill level 10 in Axes
  6338 | D:5      | Entered Level 5 of the Dungeon
  6521 | D:5      | Reached XP level 8. HP: 38/66 MP: 8/8
  7154 | D:5      | Reached skill level 11 in Axes
  7642 | D:6      | Found a staircase to the Ecumenical Temple.
  7926 | Temple   | Entered the Ecumenical Temple
  8297 | D:5      | HP: 3/66 [orc warrior/+0 mace (15)]
  8345 | D:5      | Slain by an orc warrior

Illustrated notes

Levels and vault maps discovered:
D:1:      dpeg_arrival_stonehenge_8_columns, layout_basic
D:2:      layout_basic, okawaru_metal_pillars_1_2, tgw_trog
D:3:      minmay_wonky_spiral, layout_basic, ebering_ghost_sewer_d,
          kennysheep_small_spiral, uniq_crazy_yiuf_cottage
D:4:      cheibrodos_thug_alley, layout_cave_pools, vehumet_altar_wand_db,
          serial_shops, nicolae_shop_behind_doors, first_ration
D:5:      layout_basic
D:6:      layout_gridville, gammafunk_temple_overflow_wave,
          minmay_temple_entry_sparse_star
Temple:   dpeg_three_leaves_temple

Skill      XL: |  1  2  3  4  5  6  7  8 |
---------------+-------------------------+-----
Axes           | 5 6 7 8 10 11 | 11.9
Armour         | 2 4 |  4.0
Fighting       | |  3.6
Dodging        | |  2.4
Stealth        | |  1.6

Action                   |  1- 3 |  4- 6 |  7- 9 || total
-------------------------+-------+-------+-------++-------
Melee: Hand axe          |   137 |   369 |   198 ||   704
 Fire: Hunting sling     |     6 |       |     8 ||    14
  Use: Scroll            |       |     4 |       ||     4
 Stab: Sleeping          |     1 |       |       ||     1
  Eat: Chunk             |     3 |    12 |     3 ||    18
       Ration            |       |       |     2 ||     2
Armor: Scale mail        |    47 |    50 |       ||    97
       Robe              |     5 |       |       ||     5
       Chain mail        |       |   129 |    89 ||   218
Dodge: Dodged            |    90 |   142 |    55 ||   287
